 Dungeon Crawl Stone Soup version 0.18-b1-22-ge198996 (webtiles) character file.

380 RudyRod the Gusty (level 6, 0/42 HPs)
             Began as a Demonspawn Air Elementalist on May 3, 2016.
             Was an Initiate of Vehumet.
             Slain by a sky beast (6 damage)
             ... on level 5 of the Dungeon.
             The game lasted 00:23:03 (3879 turns).

RudyRod the Gusty (Demonspawn Air Elementalist)     Turns: 3879, Time: 00:23:03

Health: 0/42       AC:  4    Str:  9    XL:     6   Next: 46%
Magic:  9/11       EV: 12    Int: 18    God:    Vehumet [......]
Gold:   227        SH:  0    Dex: 13    Spells: 2 memorised, 8 levels left

rFire  . . .     SeeInvis .     x - +2 war axe (elec)
rCold  . . .     Gourm    .     a - +1 robe
rNeg   . . .     Faith    +     (no shield)
rPois  .         Spirit   .     r - +0 helmet (curse)
rElec  .         Dismiss  .     (no cloak)
rCorr  .         Reflect  .     (no gloves)
SustAt .         Harm     .     (boots unavailable)
MR     .....                    n - amulet of faith
Stlth  ++........               (no ring)
                                (no ring)

@: about to teleport, not resistant to hostile enchantments, unstealthy
A: hooves 3, spiny 2
a: Renounce Religion


You were on level 5 of the Dungeon.
You worshipped Vehumet.
Vehumet was noncommittal.
You were not hungry.

You visited 2 branches of the dungeon, and saw 6 of its levels.

You collected 227 gold pieces.

Inventory:

Hand Weapons
 d - a +2 mace of draining
 l - a cursed -1 dagger
 x - a +2 war axe of electrocution (weapon)
Armour
 a - a +1 robe (worn)
 r - a cursed +0 helmet (worn)
Jewellery
 n - an amulet of faith (around neck)
Wands
 p - a wand of confusion (19/48)
 C - a wand of disintegration (13/24)
Scrolls
 e - 8 scrolls of identify
 h - 3 scrolls of remove curse
 v - 2 scrolls of recharging
 w - a scroll of fog {unknown}
 y - 2 scrolls of noise {unknown}
 A - a scroll of enchant weapon {unknown}
Potions
 f - a potion of cure mutation {unknown}
 g - a potion of resistance
 j - a potion of curing
 q - a potion of might {unknown}
 t - a potion of agility {unknown}
 u - 3 potions of lignification {unknown}
 z - 2 potions of mutation {unknown}
Books
 b - a book of Air

   Spells                             Type                      Level
   a - Shock                          Conjuration/Air              1
   b - Swiftness                      Charms/Air                   2
   c - Repel Missiles                 Charms/Air                   2
   d - Static Discharge               Conjuration/Air              3
   e - Lightning Bolt                 Conjuration/Air              5
 B - a book of the Sky

   Spells                             Type                      Level
   a - Summon Lightning Spire         Summoning/Air                4
   b - Airstrike                      Air                          4
   c - Silence                        Hexes/Air                    5
   d - Deflect Missiles               Charms/Air                   6
   e - Conjure Ball Lightning         Conjuration/Air              6
   f - Tornado                        Air                          9
Comestibles
 c - 2 bread rations
 i - 2 beef jerkies
 k - 4 meat rations
 o - 5 fruits
 s - a slice of pizza
 D - 2 chunks of flesh


   Skills:
 + Level 0.6 Fighting
 + Level 0.5 Maces & Flails
 + Level 2.5 Dodging
 + Level 3.3 Stealth
 + Level 3.5 Spellcasting
 + Level 2.6 Conjurations
 + Level 4.1 Air Magic


You had 8 spell levels left.
You knew the following spells:

 Your Spells              Type           Power        Failure   Level  Hunger
a - Shock                 Conj/Air       ###.         4%          1    None
b - Static Discharge      Conj/Air       ###.....     14%         3    ###....


Dungeon Overview and Level Annotations

Branches:
Dungeon (5/15)             Temple (1/1) D:4

Altars:
Ashenzari
Cheibriados
Elyvilon
Gozag
Makhleb
Nemelex Xobeh
Okawaru
Ru
Sif Muna
Trog
Vehumet
Yredelemnul
Zin
The Shining One


Innate Abilities, Weirdness & Mutations

You have hooves in place of feet.
You are mostly covered in sharp spines.


Message History

The sky beast misses you. The sky beast hits you. The sky beast shocks you.
You closely miss the sky beast.
The sky beast is moderately wounded.
The sky beast hits you but does no damage.
You hit the sky beast.
The sky beast is heavily wounded.
The sky beast hits you but does no damage.
Read which item? (? for menu, Esc to quit)
As you read the scroll of teleportation, it crumbles to dust.
You feel strangely unstable. The sky beast misses you.
You completely miss the sky beast.
The sky beast is moderately wounded.
The sky beast hits you. The sky beast shocks you.
* * * LOW HITPOINT WARNING * * *
The sky beast flickers out of sight!
Deactivating autopickup; reactivate with Ctrl-A.
Something hits you.
* * * LOW HITPOINT WARNING * * *
Something shocks you.
You die...

#! #...# #.#..#..# #.. #...#
#.#.....# #######
...####...#####.#.#...# #.....#
..............#.#.#...####.....#
...............................#
##............##.##.##.###.....#
#.####...######.##.##.# #.....#
... #...# #{##....# ####### ##
#...# #@#####.##### #...#
#.####[.....# ##.## #.......#.#.#
########.############...#..#####
.......#.#......# #..###.....##
.#.......#......#####.#.#..##....
.#.......#.##........[##.#.###.##
....##.#.#.##.#.##.##......# ###
................##.##.######


There were no monsters in sight!

Vanquished Creatures
  An ice beast (D:5)
  A crimson imp (D:5)
  A hound (D:5)
  2 orc wizards (D:4)
  A gnoll (D:1)
  6 adders
  An ooze (D:2)
  An adder skeleton (D:4)
  2 worms
  2 giant geckos
  13 orcs
  4 bats
  4 giant cockroaches
  11 goblins
  11 hobgoblins
  6 kobolds
  2 quokkas (D:2)
  A ball python (D:1)
  5 giant newts
  6 rats
81 creatures vanquished.

Notes
Turn   | Place    | Note
--------------------------------------------------------------
     0 | D:1      | RudyRod the Demonspawn Air Elementalist began the quest for the Orb.
     0 | D:1      | Reached XP level 1. HP: 13/13 MP: 3/3
   358 | D:1      | Reached skill level 3 in Air Magic
   361 | D:1      | Gained mutation: You are partially covered in sharp spines. [demonic ancestry]
   361 | D:1      | Reached XP level 2. HP: 12/19 MP: 0/5
   808 | D:1      | Gained mutation: You are mostly covered in sharp spines. [demonic ancestry]
   808 | D:1      | Reached XP level 3. HP: 24/24 MP: 0/6
  1483 | D:2      | Gained mutation: You have large cloven feet. [demonic ancestry]
  1483 | D:2      | Reached XP level 4. HP: 21/30 MP: 7/7
  1583 | D:2      | You fall through a shaft!
  2346 | D:4      | Gained mutation: You have hoof-like feet. [demonic ancestry]
  2346 | D:4      | Reached XP level 5. HP: 35/35 MP: 5/9
  2456 | D:4      | Found a staircase to the Ecumenical Temple.
  2467 | Temple   | Entered the Ecumenical Temple
  2712 | D:4      | Found a white marble altar of Elyvilon.
  2719 | D:4      | Found a glowing silver altar of Zin.
  2722 | D:4      | Found a radiant altar of Vehumet.
  2726 | D:4      | Became a worshipper of Vehumet
  3254 | D:4      | Found a bloodstained altar of Trog.
  3486 | D:5      | Entered Level 5 of the Dungeon
  3511 | D:5      | Learned a level 3 spell: Static Discharge
  3616 | D:5      | Gained mutation: You have hooves in place of feet. [demonic ancestry]
  3616 | D:5      | Reached XP level 6. HP: 42/42 MP: 8/11
  3850 | D:5      | Noticed an ice beast
  3851 | D:5      | Noticed a sky beast
  3873 | D:5      | Killed an ice beast
  3873 | D:5      | Reached skill level 4 in Air Magic
  3879 | D:5      | Slain by a sky beast

Skill      XL: |  1  2  3  4  5  6 |
---------------+-------------------+-----
Air Magic      | 3 4 |  4.1
Dodging        | 2 |  2.5
Stealth        | 2 3 |  3.3
Conjurations   | 2 |  2.6
Spellcasting   | 3 |  3.5
Fighting       | |  0.6
Maces & Flails | |  0.5

Action                   |  1- 3 |  4- 6 || total
-------------------------+-------+-------++-------
Melee: Mace              |    18 |    20 ||    38
       Kick              |       |     3 ||     3
       War axe           |       |     9 ||     9
 Cast: Shock             |    41 |    57 ||    98
       Static Discharge  |       |     2 ||     2
  Use: Scroll            |     3 |     7 ||    10
 Stab: Sleeping          |     1 |     3 ||     4
  Eat: Chunk             |     2 |     6 ||     8
       Bread ration      |       |     1 ||     1
Armor: Robe              |     2 |     7 ||     9
Dodge: Dodged            |    13 |    18 ||    31
